 Dungeon Crawl Stone Soup version 0.21-a0-321-g91e3373 (webtiles) character file.

941 Hasart the Spear-Bearer (level 8, -1/52 HPs)
             Began as an Octopode Fighter on Sept 30, 2017.
             Slain by an ogre
             ... wielding a cursed -1 giant club
              (30 damage)
             ... on level 4 of the Dungeon.
             The game lasted 00:07:41 (5565 turns).

Hasart the Spear-Bearer (Octopode Fighter)          Turns: 5565, Time: 00:07:42

Health: -1/52      AC:  1    Str: 13 (15) XL:     8   Next: 12%
Magic:  8/8        EV: 17    Int: 13      God:
Gold:   223        SH:  8    Dex: 11      Spells: 7/7 levels left

rFire    . . .     SeeInvis .   a - +0 trident
rCold    . . .     Gourm    .   b - +0 shield
rNeg     + . .     Faith    .   (helmet restricted)
rPois    .         Spirit   .   (no amulet)
rElec    .         Reflect  .   k - ring of positive energy
rCorr    .         Harm     .   s - +5 ring of evasion
MR       .....                  (no ring)
Stlth    ++........             (no ring)
HPRegen  0.17/turn              (no ring)
MPRegen  0.11/turn              (no ring)
                                (no ring)
                                (no ring)

@: no status effects
A: almost no armour, stealthy swim, amphibious, 8 rings, constrict 8, camouflage
1, gelatinous body 1
a: no special abilities


You were on level 4 of the Dungeon.
You were hungry.

You visited 2 branches of the dungeon, and saw 6 of its levels.

You collected 223 gold pieces.

Inventory:

Hand Weapons
 a - a +0 trident (weapon)
Armour
 b - a +0 shield (worn)
Jewellery
 k - a ring of positive energy (left tentacle)
 s - a +5 ring of evasion (right tentacle)
Wands
 f - a wand of flame (34/48)
 v - a wand of polymorph (4/24)
Scrolls
 e - a scroll of enchant weapon {unknown}
 n - 2 scrolls of identify
 o - a scroll of amnesia
Potions
 c - a potion of might
 g - a potion of brilliance {unknown}
 h - a potion of agility {unknown}
 i - a potion of degeneration
 l - a potion of berserk rage {unknown}
 q - a potion of curing {unknown}
 t - a potion of haste
 u - a potion of flight {unknown}
Books
 p - Fonlatomn's Collected Works on Assistive Venom
   (You found it on level 4 of the Dungeon)

   Spells                             Type                      Level
   a - Regeneration                   Charms/Necromancy            3
   b - Venom Bolt                     Conjuration/Poison           5
   c - Alistair's Intoxication        Transmutation/Poison         5
   d - Ring of Flames                 Charms/Fire                  7
Comestibles
 d - 4 bread rations
 m - 2 meat rations


   Skills:
 + Level 3.2 Fighting
 * Level 8.9 Polearms
 + Level 3.3 Dodging
 + Level 3.4 Shields


You had 7 spell levels left.
You didn't know any spells.

Dungeon Overview and Level Annotations

Branches:
Dungeon (5/15)             Temple (1/1) D:4

Altars:
Ashenzari
Dithmenos
Elyvilon
Hepliaklqana
Kikubaaqudgha
Makhleb
Nemelex Xobeh
Okawaru
Ru
Sif Muna
Trog
Uskayaw
Vehumet
Wu Jian
Xom
Yredelemnul
The Shining One

Annotations:
D:5 Prince Ribbit


Innate Abilities, Weirdness & Mutations

You cannot wear most types of armour.
You are very stealthy in the water. (Stealth+)
You are amphibious.
You can wear up to eight rings at the same time.
You can use your tentacles to constrict eight enemies at once.
Your skin changes colour to match your surroundings (Stealth+).
Your rubbery body absorbs attacks. (AC +1, EV +1)


Message History

There is a staircase to the Ecumenical Temple here.
HP restored.
There is an open door here.
There is an open door here.
You are feeling hungry.
You see here a scroll of immolation.
The ogre shouts!
The ogre is too close now for your liking.
An ogre is nearby!
You hit the ogre. Your squeeze misses the ogre.
The ogre is lightly wounded.
The ogre hits you with a giant club!!
You puncture the ogre!
The ogre is heavily wounded.
The ogre completely misses you.
You puncture the ogre! Your squeeze misses the ogre.
The ogre is severely wounded.
The ogre hits you with a giant club!!
Ouch! That really hurt!
You die...

.###.#.....#.###.#
##...#####.#.###.####
........?..........>#
...#######.....####.#
##.# #.....####.#
#### #..........# #
#####.#.....#### #
#.....#......#### #
#.....##...@....# #
#....<##'###O#.##
###........#.#.#
#..........# #
#.............
#........#.#.#
#.....<..#.# . #####
#........#.# ....#
##########


You could see an ogre.

Vanquished Creatures
  Sigmund (D:2)
  Edmund (D:5)
  2 ice beasts
  The ghost of Rhok the Magician, an amateur GnWn of Ru (D:4)
  3 crimson imps
  A centaur zombie (D:5)
  A jelly (D:5)
  An iguana (D:5)
  2 worker ants
  6 adders
  A shadow imp (D:5)
  An ooze (D:3)
  2 adder skeletons
  2 dart slugs
  A worm (D:2)
  2 leopard geckos
  An orc (D:3)
  2 ball pythons (D:3)
  10 giant cockroaches
  5 hobgoblins
  6 jackals
  5 kobolds
  4 bats
  6 frilled lizards
  10 goblins
  A jackal skeleton (D:4)
  9 rats
87 creatures vanquished.

Notes
Turn   | Place    | Note
-------+----------+-------------------------------------------
     0 | D:1      | Hasart the Octopode Fighter began the quest for the Orb.
     0 | D:1      | Reached XP level 1. HP: 16/16 MP: 1/1
   232 | D:1      | Reached XP level 2. HP: 21/21 MP: 2/2
   435 | D:1      | Reached skill level 3 in Polearms
   908 | D:1      | Reached XP level 3. HP: 26/26 MP: 3/3
  1408 | D:2      | Found a sacrificial altar of Ru.
  1515 | D:2      | Noticed Sigmund
  1537 | D:2      | Killed Sigmund
  1537 | D:2      | Reached skill level 5 in Polearms
  1537 | D:2      | Reached XP level 4. HP: 14/31 MP: 4/4
  1537 | D:2      | Reached XP level 5. HP: 16/36 MP: 5/5
  1893 | D:2      | Reached skill level 6 in Polearms
  2348 | D:3      | Reached XP level 6. HP: 42/42 MP: 6/6
  3044 | D:4      | Noticed Rhok's ghost (amateur GnWn)
  3235 | D:5      | Entered Level 5 of the Dungeon
  3283 | D:5      | Reached skill level 7 in Polearms
  3454 | D:5      | Reached XP level 7. HP: 22/46 MP: 7/7
  3747 | D:5      | Noticed Edmund
  4018 | D:5      | Killed Edmund
  4018 | D:5      | Reached skill level 8 in Polearms
  4606 | D:5      | Noticed Prince Ribbit
  5040 | D:4      | Found a staircase to the Ecumenical Temple.
  5041 | D:4      | Identified Fonlatomn's Collected Works on Assistive Venom
  5049 | Temple   | Entered the Ecumenical Temple
  5269 | D:4      | Found a burning altar of Makhleb.
  5270 | D:4      | Found a radiant altar of Vehumet.
  5277 | D:4      | Reached XP level 8. HP: 33/52 MP: 8/8
  5504 | D:4      | Killed Rhok's ghost
  5565 | D:4      | Slain by an ogre

Vault maps used:
D:1:      lightli_arrival_chessboard, serial_glass, glass_columns_a,
          glass_columns_a, minmay_pentomino_r4
D:2:      lemuel_coloured_pillars_altar, first_bread, uniq_sigmund
D:4:      grunt_temple_overflow_lords_of_destruction,
          minmay_temple_entry_overgrown, minmay_quantized
D:5:      uniq_prince_ribbit1, uniq_edmund
Temple:   dpeg_chambers_temple

Skill      XL: |  1  2  3  4  5  6  7 |
---------------+----------------------+-----
Polearms       | 3 5 6 7 8 |  8.9
Fighting       | |  3.2
Dodging        | |  3.3
Shields        | |  3.4

Action                   |  1- 3 |  4- 6 |  7- 9 || total
-------------------------+-------+-------+-------++-------
Melee: Trident           |    73 |    89 |    98 ||   260
       Constrict         |    17 |    18 |    10 ||    45
       Tentacles         |     9 |    16 |    20 ||    45
  Use: Scroll            |       |       |     8 ||     8
       Potion            |       |       |     4 ||     4
 Stab: Sleeping          |     8 |     9 |     1 ||    18
  Eat: Chunk             |     2 |     6 |     1 ||     9
       Meat ration       |       |       |     1 ||     1
Armor: Skin              |     5 |     5 |       ||    10
Dodge: Dodged            |    24 |    37 |    35 ||    96
Block: Shield            |    19 |    26 |    28 ||    73

Table legend:
 A = Spawn XP
 B = Non-spawn XP
 C = Spawn XP percentage of total XP
 D = Spawn monster count
 E = Non-spawn monster count
 F = Spawn count percentage of total count
 G = Total turns spent on level
                    A         B        C        D         E        F      G
               +---------+---------+-------+---------+---------+-------+---------
         Total |       0 |    1345 |   0.0 |       0 |      87 |   0.0 |  5565
               +---------+---------+-------+---------+---------+-------+---------
           D:1 |       0 |      40 |   0.0 |       0 |      24 |   0.0 |  1312
           D:2 |       0 |     268 |   0.0 |       0 |      14 |   0.0 |   822
           D:3 |       0 |     115 |   0.0 |       0 |      24 |   0.0 |  1042
           D:4 |       0 |     317 |   0.0 |       0 |      12 |   0.0 |   847
           D:5 |       0 |     605 |   0.0 |       0 |      13 |   0.0 |  1134
               +---------+---------+-------+---------+---------+-------+---------
